 Dungeon Crawl Stone Soup version 0.20.0-4-g10b340a (webtiles) character file.

57 mopl the Sneak (level 4, 0/39 HPs)
             Began as a Naga Assassin on May 27, 2017.
             Slain by Crazy Yiuf
             ... wielding a +3 quarterstaff of chaos
              (2 damage)
             ... on level 3 of the Dungeon.
             The game lasted 00:02:39 (2195 turns).

mopl the Sneak (Naga Assassin)                      Turns: 2195, Time: 00:02:40

Health: 0/39       AC:  5    Str: 14    XL:     4   Next: 0%
Magic:  4/4        EV:  9    Int: 11    God:
Gold:   50         SH:  0    Dex: 13    Spells: 3/3 levels left

rFire    . . .     SeeInvis +   b - +0 blowgun
rCold    . . .     Gourm    .   (no shield)
rNeg     . . .     Faith    .   c - +0 robe
rPois    +         Spirit   .   k - +0 helmet
rElec    .         Reflect  .   d - +0 cloak
rCorr    +         Harm     .   o - +0 pair of gloves
MR       .....                  (no barding)
Stlth    +++.......             n - amulet of inaccuracy (curse)
Regen    0.2/turn               l - ring of resist corrosion
MPRegen  0.1/turn               (no ring)

@: very slow
A: see invisible, deformed body, poison resistance, slowness 2, slow metabolism
1, spit poison 1, AC +1
a: Spit Poison


You were on level 3 of the Dungeon.
You were hungry.

You visited 1 branch of the dungeon, and saw 3 of its levels.

You collected 50 gold pieces.

Inventory:

Hand Weapons
 a - a +2 dagger
 b - a +0 blowgun (weapon)
Missiles
 e - 20 poisoned needles (quivered)
 i - a throwing net
 q - 2 needles of sleeping
Armour
 c - a +0 robe (worn)
 d - a +0 cloak (worn)
 k - a +0 helmet (worn)
 o - a +0 pair of gloves (worn)
Jewellery
 l - a ring of resist corrosion (left hand)
 n - a cursed amulet of inaccuracy (around neck)
Scrolls
 h - 2 scrolls of immolation {unknown}
 j - a scroll of blinking {unknown}
Potions
 m - a potion of lignification {!q}
 p - a potion of mutation {!q}
 r - a potion of invisibility {unknown}
 s - a potion of might {unknown}
Comestibles
 g - 2 bread rations


   Skills:
 - Level 2.0 Fighting
 + Level 2.6 Short Blades
 + Level 2.7 Throwing
 - Level 0.7 Dodging
 + Level 6.7 Stealth


You had 3 spell levels left.
You didn't know any spells.

Dungeon Overview and Level Annotations

Branches:
Dungeon (3/15)

Altars:

Annotations:
D:2 rF
D:3 Crazy Yiuf


Innate Abilities, Weirdness & Mutations

You cannot wear boots.
Your serpentine skin is tough. (AC +1)
You have supernaturally acute eyesight. (SInv)
Armour fits poorly on your strangely shaped body.
Your system is resistant to poisons. (rPois)
You cover ground very slowly.
You have a slow metabolism.
You can spit poison.


Message History

You shoot a poisoned needle. The poisoned needle misses Crazy Yiuf.
Crazy Yiuf hits you with a quarterstaff of chaos.
* * * LOW HITPOINT WARNING * * *
Crazy Yiuf burns you.
* * * LOW HITPOINT WARNING * * *
Unknown command.
Firing (i - inventory. (,) - cycle):
e - 21 poisoned needles (quivered)
Press: ? - help, Shift-Dir - straight line, f/p - Crazy Yiuf
Aim: Crazy Yiuf, wielding a quarterstaff of chaos and wearing a cloak You shoot a poisoned needle.
The poisoned needle hits Crazy Yiuf!
Crazy Yiuf is poisoned.
Crazy Yiuf hits you with a quarterstaff of chaos.
* * * LOW HITPOINT WARNING * * *
Unknown command.
Crazy Yiuf says, "Candle!
Defame stair illywillydillykilly."
Crazy Yiuf grits, "Scoff noodlescoop Hive!"
Crazy Yiuf hits you with a quarterstaff of chaos.
* * * LOW HITPOINT WARNING * * *
Crazy Yiuf freezes you.
You die...

#########
)....)..####
...)....).# ###
#.....).####
#)..#.).)......##
#(..'..(...g@...#
#...#)..........#
### #)).......#.#
.)).))..).)..###.#
#.).##).).)..##..#
### ##########.##
#..###..#
#......## #......#


You could see Crazy Yiuf.

Vanquished Creatures
  2 adders (D:2)
  A worm (D:2)
  2 leopard geckos (D:2)
  2 giant cockroaches
  5 goblins
  2 hobgoblins
  3 jackals (D:1)
  3 kobolds
  A quokka (D:2)
  A ball python (D:1)
  4 bats
  4 frilled lizards
  5 rats
35 creatures vanquished.

Vanquished Creatures (others)
  An adder (D:2)
1 creature vanquished.

Grand Total: 36 creatures vanquished

Notes
Turn   | Place    | Note
-------+----------+-------------------------------------------
     0 | D:1      | mopl the Naga Assassin began the quest for the Orb.
     0 | D:1      | Reached XP level 1. HP: 19/19 MP: 1/1
    16 | D:1      | Reached skill level 2 in Throwing
    25 | D:1      | Reached skill level 6 in Stealth
   326 | D:1      | Reached XP level 2. HP: 21/26 MP: 2/2
  1010 | D:2      | Reached XP level 3. HP: 17/32 MP: 3/3
  1204 | D:2      | You fall through a shaft!
  2155 | D:3      | Found a runed door.
  2166 | D:3      | Reached XP level 4. HP: 37/39 MP: 4/4
  2182 | D:3      | Noticed Crazy Yiuf
  2195 | D:3      | Slain by Crazy Yiuf

Skill      XL: |  1 |
---------------+----+-----
Throwing       | 2 |  2.7
Stealth        | 6 |  6.7
Fighting       | |  2.0
Short Blades   | |  2.6
Dodging        | |  0.7

Action                   |  1- 3 |  4- 6 || total
-------------------------+-------+-------++-------
Melee: Dagger            |   109 |       ||   109
 Fire: Blowgun           |       |     5 ||     5
 Abil: Spit Poison       |     3 |       ||     3
  Use: Scroll            |     2 |       ||     2
 Stab: Sleeping          |    10 |       ||    10
  Eat: Chunk             |     2 |       ||     2
Armor: Robe              |    31 |     1 ||    32
Dodge: Dodged            |    45 |       ||    45
